 Dungeon Crawl Stone Soup version 0.30-a0-715-gdb4ae3ece1 (webtiles) character file.

Game seed: 10161951578904825252

406 browni3141 the Sneak (level 6, -3/51 HPs)
             Began as a Naga Hedge Wizard on Jan 24, 2023.
             Slain by an elf zombie (4 damage)
             ... in an ossuary.
             The game lasted 00:07:26 (3863 turns).

browni3141 the Sneak (Naga Hedge Wizard)            Turns: 3863, Time: 00:07:27

Health: -3/51      AC:  7    Str: 12    XL:     6   Next: 87%
Magic:  12/12      EV:  8    Int: 16    God:
Gold:   169        SH:  0    Dex: 11    Spells: 5/13 levels left

rFire   + . .      SeeInvis +    a - +0 dagger
rCold   + . .      Faith    .    (no shield)
rNeg    . . .      Spirit   .    b - +0 robe
rPois   +          Reflect  .    c - +0 hat
rElec   .          Harm     .    (no cloak)
rCorr   .          Rampage  .    (no gloves)
Will    .....                    y - +0 barding
Stlth   +++                      u - amulet of magic regeneration
HPRegen 0.28/turn                p - ring of protection from fire
MPRegen 0.53/turn                w - ring of protection from cold

@: very slow
A: AC +2, large, see invisible, deformed body, poison resistance, slowness 2,
spit poison 1, naga tail 1
a: Spit Poison


You were in an ossuary.
You visited 1 branch of the dungeon, and saw 4 of its levels.
You also visited: Ossuary.

You collected 169 gold pieces.

Inventory:

Hand Weapons
 a - a +0 dagger (weapon)
Armour
 b - a +0 robe (worn)
 c - a +0 hat (worn)
 e - a +0 kite shield
 y - a +0 barding (worn)
Jewellery
 g - an amulet of regeneration
 o - an amulet of guardian spirit
 p - a ring of protection from fire (left hand)
 u - an amulet of magic regeneration (around neck)
 w - a ring of protection from cold (right hand)
Wands
 n - a wand of roots (2)
 A - a wand of quicksilver (4)
Scrolls
 f - a scroll of amnesia {unknown}
 h - 2 scrolls of identify {unknown}
 j - a scroll of magic mapping {unknown}
 m - a scroll of poison {unknown}
 q - a scroll of blinking {unknown}
 r - a scroll of torment {unknown}
 t - a scroll of brand weapon {unknown}
Potions
 d - a potion of magic
 i - a potion of brilliance {unknown}
 k - 2 potions of cancellation {unknown}
 l - a potion of attraction {unknown}
 s - a potion of haste {unknown}
 v - a potion of curing {unknown}
 x - a potion of lignification {unknown}
 z - a potion of flight {unknown}


   Skills:
 - Level 1.0 Fighting
 - Level 1.8 Dodging
 + Level 5.5 Stealth
 + Level 4.0 Spellcasting
 + Level 2.9 Conjurations
 + Level 2.9 Summonings
 + Level 2.9 Translocations


You had 5 spell levels left.
You knew the following spells:

 Your Spells              Type           Power      Damage    Failure   Level
a - Magic Dart            Conj           48%        1d5       4%          1
b - Blink                 Tloc           24%        N/A       8%          2
c - Call Imp              Summ           12%        N/A       8%          2
d - Slow                  Hex            12%        N/A       17%         1
e - Cigotuvi's Dreadful   Necr/Pois/Air  6%         N/A       26%         2

Your spell library contained the following spells:

 Spells                   Type           Power      Damage    Failure   Level
 Mephitic Cloud           Conj/Pois/Air  6%         N/A       32%         3


Dungeon Overview and Level Annotations

Branches:
Dungeon (4/15)            Ossuary (1/1)
 Temple: D:4-7

Altars:
Xom
Yredelemnul


Innate Abilities, Weirdness & Mutations

Your serpentine skin is tough. (AC +2)
You have supernaturally acute eyesight. (SInv)
Armour fits poorly on your strangely shaped body.
Your system is resistant to poisons. (rPois)
You cover ground very slowly.
You can spit poison.
You have a snake-like lower body.


Message History

Aiming: Fastroot
Press: ? - help, Shift-Dir - straight line, f - human zombie
Aim: a human zombie (almost destroyed)
The roots erupt in riotous growth!
Roots grab the human zombie. x2; Roots grab the elf zombie. x2
The grasping roots constrict the elf zombie.
The grasping roots constrict the human zombie.
You destroy the human zombie!
The grasping roots constrict the elf zombie.
The grasping roots constrict the human zombie.
The human zombie hits you.
* * * LOW HITPOINT WARNING * * *
The elf zombie escapes!
Aiming: Quicksilver Bolt
Press: ? - help, Shift-Dir - straight line, f - mummy
Aim: a mummy (86% to hit)
The bolt of dispelling energy hits the mummy!
The mummy is severely damaged.
The grasping roots constrict the elf zombie.
You destroy the elf zombie!
The grasping roots constrict the human zombie!
You destroy the human zombie!
A mummy comes into view.
Your Spellcasting skill increases to level 4!
Aiming: Quicksilver Bolt
Press: ? - help, Shift-Dir - straight line, f/p - mummy
Aim: a mummy (severely damaged, ally target, 86% to hit)
The bolt of dispelling energy hits the mummy!
You destroy the mummy!
Your crimson imp blinks!
The elf zombie hits you but does no damage.
Aiming: Quicksilver Bolt
Press: ? - help, Shift-Dir - straight line, f - mummy
Aim: a mummy (86% to hit)
The bolt of dispelling energy hits the mummy!
The mummy is severely damaged.
The mummy hits you.
* * * LOW HITPOINT WARNING * * *
The elf zombie hits you.
You die...

..................
..................
......M∩∩.5.......
...........M......
..................
..................
..................
#.......Z.......##
#......M@.......#
..................
.................
.....#####.......
..... ...... ....
...... #### ####


You could see 3 mummies, an elf zombie and a friendly crimson imp (summoned).

Vanquished Creatures
  An elf zombie (Ossuary)
  3 crimson imps (D:3)
  3 human zombies (Ossuary)
  A hound zombie (Ossuary)
  A mummy (Ossuary)
  4 adders
  A worm (D:3)
  2 dart slugs
  2 orcs
  6 ball pythons
  6 endoplasms
  6 giant cockroaches
  3 gnoll zombies (Ossuary)
  6 hobgoblins
  4 jackals (D:2)
  6 kobolds
  3 quokkas (D:1)
  7 bats
  2 frilled lizards (D:1)
  A goblin zombie (Ossuary)
  A kobold zombie (Ossuary)
  6 rats
75 creatures vanquished.

Vanquished Creatures (collateral kills)
  A rat zombie (Ossuary)
1 creature vanquished.

Grand Total: 76 creatures vanquished

Notes
Turn   | Place    | Note
-------+----------+-------------------------------------------
     0 | D:1      | browni3141 the Naga Hedge Wizard began the quest for the
                  | Orb.
     0 | D:1      | Reached XP level 1. HP: 15/15 MP: 4/4
   209 | D:1      | Reached XP level 2. HP: 22/22 MP: 0/6
   590 | D:1      | Learned a level 2 spell: Blink
   593 | D:1      | Learned a level 2 spell: Call Imp
   595 | D:1      | Learned a level 1 spell: Slow
   690 | D:1      | Reached XP level 3. HP: 27/28 MP: 1/7
   910 | D:1      | Found a faded altar of an unknown god.
  1548 | D:2      | Reached skill level 1 in Fighting
  1835 | D:2      | Reached XP level 4. HP: 38/38 MP: 3/8
  1838 | D:2      | Learned a level 2 spell: Cigotuvi's Dreadful Rot
  2793 | D:3      | Found a basalt altar of Yredelemnul.
  2823 | D:3      | Reached skill level 4 in Stealth
  3196 | D:3      | Found a shimmering altar of Xom.
  3204 | D:3      | Reached XP level 5. HP: 19/44 MP: 4/10
  3832 | D:4      | Found a sand-covered staircase.
  3837 | Ossuary  | Entered an ossuary
  3854 | Ossuary  | Reached XP level 6. HP: 22/51 MP: 11/11
  3858 | Ossuary  | Reached skill level 5 in Stealth
  3863 | Ossuary  | HP: 1/51 [mummy (4)]
  3863 | Ossuary  | Slain by an elf zombie

Illustrated notes

Levels and vault maps discovered:
D:1:      giann_forest_graveyard, layout_rooms, serial_curves, eino_curves_01,
          eino_curves_03, eino_curves_02, chequers_ecumenical_altar_twisty
D:2:      layout_loops_ring
D:3:      layout_basic, led_xom_imps, mainiacjoe_overflow_paths,
          grunt_decor_fettered, kennysheep_minor_cross,
          kennysheep_cluttered_room, item_on_display_a
D:4:      layout_loops_cross, minmay_temple_entry_statues_pillars,
          enter_ossuary_2, st_stairs_5
Ossuary:  ossuary_minmay_tomb_2a

Skill      XL: |  1  2  3  4  5  6 |
---------------+-------------------+-----
Fighting       | 1 |  1.0
Stealth        | 4 5 |  5.5
Conjurations   | 2 |  2.9
Summonings     | 2 |  2.9
Translocations | 2 |  2.9
Spellcasting   | 4 |  4.0
Dodging        | |  1.8

Action                     |  1- 3 |  4- 6 || total
---------------------------+-------+-------++-------
  Melee: Dagger            |    43 |    34 ||    77
         Punch             |     1 |       ||     1
   Cast: Magic Dart        |    93 |    83 ||   176
         Call Imp          |       |     1 ||     1
Ability: Spit Poison       |     3 |       ||     3
  Evoke: Wand              |       |    11 ||    11
   Stab: Sleeping          |     1 |       ||     1
 Armour: Robe              |    16 |    31 ||    47
  Dodge: Dodged            |    31 |    37 ||    68

Table legend: (Time is in decaauts)
 A = Elapsed time spent in this place.
 B = Non-inter-level travel time spent in this place.
 C = Inter-level travel time spent in this place.
 D = Time resting spent in this place.
 E = Time spent auto-exploring this place.
 F = Levels seen in this place.
 G = Mean time per level.
                   A        B        C        D        E       F      G
               +--------+--------+--------+--------+--------+-----+--------+
         Total |   4650 |   4543 |    107 |     54 |   3692 |   5 |  930.0 |
       Dungeon |   4621 |   4514 |    107 |     54 |   3692 |   4 | 1155.2 |
       Ossuary |     28 |     28 |      0 |      0 |      0 |   1 |   28.0 |
               +--------+--------+--------+--------+--------+-----+--------+

Top non-repeatable levels by time:
     D:3: 1541 daAuts
     D:1: 1421 daAuts
     D:2: 1393 daAuts
     D:4: 265 daAuts
 Ossuary: 28 daAuts
